 Dungeon Sprint DCSS version 0.29.1-2-gbd0b4ee654 (webtiles) character file.

Game seed: 8059138370980796054

13190 Groucho the Eclecticist (level 11, -4/65 HPs)
             Began as a Spriggan Enchanter on Nov 16, 2022.
             Was the Champion of Dithmenos.
             Killed from afar by a deep elf annihilator (48 damage)
             ... with an iron shot
             ... in the Dungeon (Sprint I: "Red Sonja").
             The game lasted 00:23:47 (3314 turns).

Groucho the Eclecticist (Spriggan Enchanter)        Turns: 3314, Time: 00:23:47

Health: -4/65      AC:  4    Str:  8    XL:     11   Next: 72%
Magic:  27/41      EV: 28    Int: 16    God:    Dithmenos [******]
Gold:   1116       SH:  0    Dex: 17    Spells: 31/42 levels left

rFire   + + .      SeeInvis +   j - +6 dagger (venom)
rCold   . . .      Faith    .   (no shield)
rNeg    . . .      Spirit   .   o - +1 robe {Archmagi}
rPois   .          Reflect  .   (helmet restricted)
rElec   .          Harm     .   r - +0 cloak
rCorr   .          Rampage  .   (gloves unavailable)
Will    +....      Archmagi +   (boots unavailable) Stlth **++++++++ NoTele +
                                (no amulet)
HPRegen 0.20/turn               b - ring of flight
MPRegen 0.27/turn               n - ring of the Empire {rF++ MP+9}

@: flying, wreathed by umbra, very quick
A: very small, no large weapons, unfitting armour, see invisible, speed 3
a: Renounce Religion, Shadow Step, Shadow Form


You were in the Dungeon.
You worshipped Dithmenos.
Dithmenos was exalted by your worship.
You visited 1 branch You collected 2530 gold pieces.
You spent 1414 gold pieces at shops.

Inventory:

Hand Weapons
 a - a +1 dagger
 j - a +6 dagger of venom (weapon)
Armour
 o - a +1 robe of the Archmagi (worn)
 r - a +0 cloak (worn)
Jewellery
 b - a ring of flight (left hand)
 n - the ring of the Empire (right hand) {rF++ MP+9}
   (You bought it in a shop in the Dungeon)

   [ring of magical power]

   rF:        It greatly protects you from fire.
   MP:        It affects your magic capacity (+9).
Wands
 h - a wand of flame (21)
Scrolls
 i - a scroll of fear
 k - a scroll of amnesia
 m - a scroll of brand weapon
 p - a scroll of identify
Potions
 c - 3 potions of invisibility
 d - 2 potions of curing
 f - a potion of haste
 g - 2 potions of magic
 l - a potion of lignification {unknown}
 q - a potion of mutation {unknown}


   Skills:
 + Level 11.1 Fighting
 - Level 14.0 Short Blades
 + Level 15.4 Dodging
 - Level 16.0 Stealth
 - Level 16.4 Spellcasting
 - Level 15.0 Hexes


You had 31 spell levels left.
You knew the following spells:

 Your Spells              Type           Power      Damage    Failure   Level
a - Ensorcelled Hibernat  Hex/Ice        100%       N/A       1%          2
b - Confusing Touch       Hex            75%        N/A       1%          3
c - Tukima's Dance        Hex            75%        N/A       1%          3
d - Dazzling Flash        Conj/Hex       100%       N/A       1%          3

Your spell library contained the following spells:

 Spells                   Type           Power      Damage    Failure   Level
 Gell's Gravitas          Tloc           19%        N/A       14%         3
 Lesser Beckoning         Tloc           19%        N/A       14%         3
 Teleport Other           Tloc           19%        N/A       14%         3


Dungeon Overview and Level Annotations

Branches:
Dungeon (1/1)

Altars:
Cheibriados
Dithmenos
Elyvilon
Fedhas
Gozag
Hepliaklqana
Kikubaaqudgha
Makhleb
Nemelex Xobeh
Okawaru
Qazlal
Ru
Sif Muna
Trog
Uskayaw
Vehumet
Wu Jian
Xom
Yredelemnul
Zin
The Shining One
Jiyva
Lugonu

Shops:
D ==(=[**=**:[:[([[[


Innate Abilities, Weirdness & Mutations

You are very small and have problems with some larger weapons.
You are too small for most types of armour.
You have supernaturally acute eyesight. (SInv)
You cover ground extremely quickly. (Speed+++)


Message History

Things that are here:
a +0 spear; a merfolk corpse Really fly into a travel-excluded area?
There is an open door here.
You start resting.
A deep elf annihilator is nearby!
Unknown command.
You start resting.
A deep elf annihilator is nearby!
Really fly into a travel-excluded area?
Okay, then.
Really fly into a travel-excluded area?
Okay, then.
A deep elf annihilator is nearby!
Really fly into a travel-excluded area?
You feel much better.
The deep elf annihilator is engulfed in a cloud of scalding steam.
The deep elf annihilator gestures wildly while chanting.
The deep elf annihilator blinks!
Unknown command.
Unknown command.
Casting: Dazzling Flash (safe; 1% risk of failure)
Confirm with . or Enter, or press ? or * to list all spells.
Casting: Dazzling Flash (safe; 1% risk of failure)
Press: ? - help, Dir - look around, f - activate You feel a surge of power!
The deep elf annihilator is engulfed in a cloud of scalding steam.
Unknown command.
Unknown command.
Unknown command.
Casting: Dazzling Flash (safe; 1% risk of failure)
Confirm with . or Enter, or press ? or * to list all spells.
Casting: Dazzling Flash (safe; 1% risk of failure)
Press: ? - help, Dir - look around, f - activate You feel a surge of power!
The deep elf annihilator is engulfed in a cloud of scalding steam.
The deep elf annihilator gestures at you while chanting.
The iron shot hits you!!!
Ouch! That really hurt!
You die...

##################
§§....'§.#..§.§§§#
.§.§.##..'.e#§§§e##
#.§.#######§#.§§@§#####
###+# #§e#§§§§§#...#
#.§##§§§§#.∩.#
#.4§###§##...#
#.§§§}#.####'#
#.e§§##'#§§§§##
#.4§##.§.§§§.§##
#..≈#§.........#
≈..##§§§§...§..##


You could see a deep elf annihilator.

Vanquished Creatures
  A golden dragon (D)
  A shadow dragon (D)
  A hydra (D)
  2 centaur warriors (D)
  Sonja (D)
  A deep troll (D)
  A lindwurm (D)
  An oklob plant (D)
  A merfolk siren (D)
  A gargoyle (D)
  2 unseen horrors (D)
  2 kobold demonologists (D)
  4 demonic crawlers (D)
  A slime creature (D)
  2 hornets (D)
  Sigmund (D)
  A yak (D)
  13 hogs (D)
  2 redbacks (D)
  3 floating eyes (D)
  An ogre (D)
  7 necrophages (D)
  8 jellies (D)
  Ijyb (D)
  A ballistomycete spore (D)
60 creatures vanquished.

Vanquished Creatures (others)
  A ballistomycete spore (D)
1 creature vanquished.

Grand Total: 61 creatures vanquished

Notes
Turn   | Place    | Note
-------+----------+-------------------------------------------
     0 | D        | Groucho the Spriggan Enchanter began the quest for the Orb.
     0 | D        | Reached XP level 1. HP: 9/9 MP: 5/5
     2 | D        | Noticed Ijyb
     8 | D        | Killed Ijyb
     9 | D        | Reached skill level 10 in Stealth
     9 | D        | Reached XP level 2. HP: 13/13 MP: 6/6
   325 | D        | Noticed an ogre
   327 | D        | Killed an ogre
   328 | D        | Reached XP level 3. HP: 16/16 MP: 8/8
   328 | D        | Reached XP level 4. HP: 21/21 MP: 9/9
   330 | D        | Noticed Sigmund
   332 | D        | Killed Sigmund
   333 | D        | Reached skill level 5 in Spellcasting
   333 | D        | Reached XP level 5. HP: 24/24 MP: 10/14
   333 | D        | Reached XP level 6. HP: 28/28 MP: 10/15
   346 | D        | Found a shimmering blue altar of Sif Muna.
   347 | D        | Found an ornate altar of the Wu Jian Council.
   348 | D        | Found a radiant altar of Vehumet.
   356 | D        | Found Affaqud's Jewellery Emporium.
   356 | D        | Found an ancient bone altar of Kikubaaqudgha.
   356 | D        | Found a hazy altar of Hepliaklqana.
   356 | D        | Found a stormy altar of Qazlal.
   356 | D        | Found a hide-covered altar of Uskayaw.
   356 | D        | Found a blossoming altar of Fedhas.
   356 | D        | Found a bloodstained altar of Trog.
   356 | D        | Found an iron altar of Okawaru.
   356 | D        | Found a basalt altar of Yredelemnul.
   356 | D        | Found a glowing golden altar of the Shining One.
   356 | D        | Found a snail-covered altar of Cheibriados.
   356 | D        | Found a sacrificial altar of Ru.
   356 | D        | Found a glowing silver altar of Zin.
   356 | D        | Found a shadowy altar of Dithmenos.
   356 | D        | Found a white marble altar of Elyvilon.
   356 | D        | Noticed a yak
   371 | D        | Learned a level 2 spell: Ensorcelled Hibernation
   375 | D        | Learned a level 3 spell: Confusing Touch
   379 | D        | Learned a level 3 spell: Tukima's Dance
   383 | D        | Learned a level 3 spell: Dazzling Flash
   386 | D        | Killed a yak
   765 | D        | Found an opulent altar of Gozag.
   784 | D        | Found a sparkling altar of Nemelex Xobeh.
   792 | D        | Became a worshipper of Dithmenos the Shadowed
   911 | D        | Found a burning altar of Makhleb.
   911 | D        | Found a shimmering altar of Xom.
   911 | D        | Noticed a slime creature
   912 | D        | Found a viscous altar of Jiyva.
   912 | D        | Found a corrupted altar of Lugonu.
   914 | D        | Killed a slime creature
   915 | D        | Reached XP level 7. HP: 36/36 MP: 19/19
   928 | D        | Noticed a kobold demonologist
   929 | D        | Noticed a kobold demonologist
   931 | D        | Killed a kobold demonologist
   932 | D        | Reached skill level 5 in Short Blades
   932 | D        | Reached * piety under Dithmenos
   933 | D        | Reached XP level 8. HP: 42/42 MP: 19/21
   934 | D        | Killed a kobold demonologist
  1251 | D        | Noticed a centaur warrior
  1252 | D        | Noticed a centaur warrior
  1253 | D        | Killed a centaur warrior
  1254 | D        | Reached skill level 5 in Fighting
  1254 | D        | Reached skill level 5 in Dodging
  1254 | D        | Reached skill level 10 in Spellcasting
  1254 | D        | Killed a centaur warrior
  1254 | D        | Reached ** piety under Dithmenos
  1255 | D        | Reached XP level 9. HP: 48/48 MP: 22/24
  1293 | D        | Reached skill level 15 in Hexes
  1303 | D        | Noticed an oklob plant
  1305 | D        | Killed an oklob plant
  1316 | D        | Reached *** piety under Dithmenos
  1351 | D        | Noticed an unseen horror
  1351 | D        | Noticed an unseen horror
  1357 | D        | Killed an unseen horror
  1359 | D        | Killed an unseen horror
  1360 | D        | Reached XP level 10. HP: 37/55 MP: 25/27
  1362 | D        | Reached **** piety under Dithmenos
  1374 | D        | Reached ***** piety under Dithmenos
  1377 | D        | Reached skill level 10 in Short Blades
  1417 | D        | Reached skill level 10 in Dodging
  1419 | D        | Identified the +6 mace of Disarray {protect, *Rage rF+
                  | Int+5 Stlth+}
  1431 | D        | Identified the +6 glaive of Disgust {vorpal, *Slow rC+++
                  | Str-2 SInv}
  1435 | D        | Found Namu's Jewellery Shoppe.
  1435 | D        | Found Puenapu's Antique Weapon Shop.
  1435 | D        | Found Xozaosiu's Antique Armour Boutique.
  1437 | D        | Found Womion's General Store.
  1437 | D        | Found Zaxac's Assorted Antiques.
  1437 | D        | Found Gotedude's Jewellery Shoppe.
  1437 | D        | Found Geistronn's Assorted Antiques.
  1437 | D        | Found Ilian's Assorted Antiques.
  1437 | D        | Found Xoexol's Book Shop.
  1437 | D        | Found Bere's Antique Armour Shoppe.
  1443 | D        | Found Seyvver's Book Boutique.
  1444 | D        | Found Zuvadgh's Antique Weapon Emporium.
  1444 | D        | Found Poik's Antique Armour Boutique.
  1445 | D        | Found Ynuagh's Armour Emporium.
  1448 | D        | Bought a runed scarf for 168 gold pieces
  1470 | D        | Bought a +1 robe of the Archmagi for 359 gold pieces
  1543 | D        | Noticed a deep troll
  1545 | D        | Killed a deep troll
  1551 | D        | Found Foaf's Armour Emporium.
  1567 | D        | Noticed Sonja
  1570 | D        | Killed Sonja
  1570 | D        | Reached ****** piety under Dithmenos
  1589 | D        | Found Febacim's Jewellery Boutique.
  1597 | D        | Bought a ring of flight for 192 gold pieces
  1739 | D        | Noticed a gargoyle
  1758 | D        | Killed a gargoyle
  2173 | D        | Noticed a lindwurm
  2177 | D        | Killed a lindwurm
  2210 | D        | Reached XP level 11. HP: 62/62 MP: 27/30
  2255 | D        | Reached skill level 15 in Spellcasting
  2456 | D        | Noticed a 12-headed hydra
  2458 | D        | Killed a 12-headed hydra
  2459 | D        | Reached skill level 10 in Fighting
  2472 | D        | Noticed a deep elf annihilator
  2962 | D        | Bought the ring of the Empire {rF++ MP+9} for 578 gold
                  | pieces
  3129 | D        | Noticed a shadow dragon
  3129 | D        | Noticed a golden dragon
  3133 | D        | Killed a golden dragon
  3135 | D        | Killed a shadow dragon
  3136 | D        | Reached skill level 15 in Dodging
  3203 | D        | Found Uqeskiam's Antique Armour Shoppe.
  3222 | D        | Bought a cloak for 117 gold pieces
  3267 | D        | Noticed a mummy priest
  3314 | D        | Killed from afar by a deep elf annihilator

Illustrated notes

Levels and vault maps discovered:
D:        dungeon_sprint_1 [red_sonja_temple_1, red_sonja_temple_small_1]

Skill      XL: |  1  2  3  4  5  6  7  8  9 10 11 |
---------------+----------------------------------+-----
Stealth        | 10 14 16 | 16.0
Spellcasting   | 5 7 8 10 12 14 16 | 16.4
Hexes          | 7 11 12 14 15 | 15.0
Fighting       | 3 4 6 7 9 11 | 11.1
Short Blades   | 4 5 8 9 12 14 | 14.0
Dodging        | 6 9 12 15 | 15.4

Action                   |  1- 3 |  4- 6 |  7- 9 | 10-12 || total
-------------------------+-------+-------+-------+-------++-------
Melee: Dagger            |     3 |     7 |    15 |   150 ||   175
       Punch             |       |       |       |     2 ||     2
 Cast: Ensorcelled Hiber |       |     1 |       |    11 ||    12
       Confusing Touch   |       |       |       |     6 ||     6
       Dazzling Flash    |       |       |       |     5 ||     5
       Tukima's Dance    |       |       |       |     1 ||     1
Invok: Shadow Step       |       |       |       |     1 ||     1
  Use: Potion            |     1 |       |       |     7 ||     8
       Scroll            |       |       |     1 |     3 ||     4
 Stab: Sleeping          |     2 |     4 |    11 |    24 ||    41
       Confused          |       |       |       |     5 ||     5
       Invisible         |       |       |       |     2 ||     2
Armor: Robe              |       |     1 |       |     4 ||     5
Dodge: Dodged            |     1 |     1 |     1 |   106 ||   109
